 Dungeon Crawl Stone Soup version 0.26-b1-32-g5d43845318 (webtiles) character file.

Game seed: 12261499353540433016

301 wakim the Digger (level 6, -1/32 HPs)
             Began as a Gargoyle Earth Elementalist on Jan 13, 2021.
             Was an Initiate of Vehumet.
             Killed from afar by an orc wizard (9 damage)
             ... with a puff of flame
             ... on level 4 of the Dungeon.
             The game lasted 00:15:56 (3828 turns).

wakim the Digger (Gargoyle Earth Elementalist)      Turns: 3828, Time: 00:15:56

Health: -1/32      AC:  7    Str: 11    XL:     6   Next: 37%
Magic:  5/10       EV: 12    Int: 24    God:    Vehumet [......]
Gold:   177        SH:  0    Dex: 10    Spells: 5/11 levels left

rFire    . . .     SeeInvis .   j - +0 flail
rCold    . . .     Faith    +   (no shield)
rNeg     + . .     Spirit   .   c - +0 robe
rPois    ∞         Reflect  .   (no helmet)
rElec    +         Harm     .   (no cloak)
rCorr    .         Rampage  .   (no gloves)
Will     .....                  r - +0 pair of boots
Stlth    ++........             o - amulet of faith
HPRegen  0.10/turn              u - +6 ring of intelligence
MPRegen  0.12/turn              (no ring)

@: no status effects
A: negative energy resistance 1, electricity resistance, unbreathing,
petrification resistance, miasma immunity, AC +4
a: Renounce Religion


You were on level 4 of the Dungeon.
You worshipped Vehumet.
Vehumet was noncommittal.
You visited 2 branches of the dungeon, and saw 5 of its levels.

You collected 177 gold pieces.

Inventory:

Hand Weapons
 j - a +0 flail (weapon)
Missiles
 b - 44 stones
Armour
 c - a +0 robe (worn)
 r - a +0 pair of boots (worn)
Jewellery
 f - an uncursed ring of fire
 o - an amulet of faith (around neck)
 u - a +6 ring of intelligence (left hand)
Wands
 s - a wand of digging (4)
Scrolls
 e - 3 scrolls of identify
 h - a scroll of enchant weapon {unknown}
 i - 3 scrolls of remove curse
 k - 4 scrolls of teleportation {unknown}
 l - a scroll of fog {unknown}
 n - 2 scrolls of enchant armour {unknown}
 p - a scroll of magic mapping {unknown}
 t - a scroll of immolation {unknown}
Potions
 a - a potion of might {unknown}
 d - 3 potions of curing {unknown}
 g - a potion of flight {unknown}
 m - a potion of cancellation {unknown}
 q - 2 potions of mutation {unknown}
 v - a potion of heal wounds {unknown}


   Skills:
 + Level 2.8 Dodging
 - Level 2.1 Stealth
 + Level 3.2 Spellcasting
 + Level 2.4 Conjurations
 - Level 0.7 Transmutations
 - Level 6.0 Earth Magic


You had 5 spell levels left.
You knew the following spells:

 Your Spells              Type           Power        Failure   Level
a - Sandblast             Erth           64%          1%          1
b - Passwall              Tmut/Erth      15%          4%          2
c - Stone Arrow           Conj/Erth      48%          5%          3

Your spell library contained the following spells:

 Spells                   Type           Power        Failure   Level
 Petrify                  Tmut/Erth      19%          26%         4
 Lee's Rapid Deconstruct  Erth           16%          26%         5


Dungeon Overview and Level Annotations

Branches:
Dungeon (4/15)             Temple (1/1) D:4

Altars:
Ashenzari
Dithmenos
Elyvilon
Fedhas
Kikubaaqudgha
Nemelex Xobeh
Qazlal
Uskayaw
Vehumet
Wu Jian
Yredelemnul
The Shining One


Innate Abilities, Weirdness & Mutations

You are resistant to torment.
Your stone body is resilient. (AC +4)
You are immune to poison.
You resist negative energy. (rN+)
You are resistant to electric shocks. (rElec)
You can survive without breathing.
You are immune to petrification.
You are immune to miasma.


Message History

Something hits you but does no damage.
You miss something. Something hits you but does no damage.
You barely miss something. Something hits you.
* * * LOW HITPOINT WARNING * * *
You barely miss something. Something hits you but does no damage.
Something hits you.
* * * LOW HITPOINT WARNING * * *
You barely miss something. Something hits you but does no damage.
You barely miss something. Something hits you but does no damage.
You hear some strange, mumbled words.
A puff of flame appears from out of thin air!
The puff of flame hits you.
* * * LOW HITPOINT WARNING * * *
Okay, then.
A magic dart appears from out of thin air!
The magic dart hits you.
* * * LOW HITPOINT WARNING * * *
A puff of flame appears from out of thin air!
The puff of flame hits you!
You die...

..........##....#.
.........##...##.
#...............
####..............♣
#............# #...
#......†.#.#####..♣
#......=.'.........
#........#.........
.....#@#######......... #. .###.#
#.##......)......> ##. #.#
#.##.#####......## ... #.# #{##.#
#........# ...#+###.# #)##.#
#.....#### ?.#......#
#.##.####.....'_##
..#......#######.##.......#######
..#........))....##.......###....
..#......#.#########.....##.'....


There were no monsters in sight!

Vanquished Creatures
  An ogre (D:4)
  A hound (D:4)
  An orc wizard (D:4)
  4 gnolls
  5 adders
  2 oozes
  2 worms (D:3)
  A dart slug (D:3)
  2 leopard geckos (D:3)
  2 orcs
  4 giant cockroaches
  10 goblins
  6 hobgoblins
  2 quokkas (D:3)
  A ball python (D:3)
  7 bats
  2 frilled lizards
  9 kobolds
  10 rats
72 creatures vanquished.

Notes
Turn   | Place    | Note
-------+----------+-------------------------------------------
     0 | D:1      | wakim the Gargoyle Earth Elementalist began the quest for
                  | the Orb.
     0 | D:1      | Reached XP level 1. HP: 10/10 MP: 3/3
   150 | D:1      | Reached skill level 4 in Earth Magic
   150 | D:1      | Reached XP level 2. HP: 15/15 MP: 3/5
   617 | D:1      | Reached XP level 3. HP: 19/19 MP: 6/6
   622 | D:1      | Learned a level 2 spell: Passwall
   626 | D:1      | Learned a level 3 spell: Stone Arrow
  1418 | D:2      | Found a glowing golden altar of the Shining One.
  1507 | D:2      | Found a broken altar of Ashenzari.
  1526 | D:2      | Reached XP level 4. HP: 24/24 MP: 7/7
  1654 | D:2      | Reached skill level 1 in Conjurations
  2562 | D:3      | Reached skill level 5 in Earth Magic
  2839 | D:3      | Reached XP level 5. HP: 28/28 MP: 7/9
  3217 | D:4      | Found a staircase to the Ecumenical Temple.
  3281 | Temple   | Entered the Ecumenical Temple
  3373 | Temple   | Became a worshipper of Vehumet
  3390 | D:4      | Found a hide-covered altar of Uskayaw.
  3422 | D:4      | Noticed an ogre
  3427 | D:4      | Killed an ogre
  3642 | D:4      | Reached XP level 6. HP: 32/32 MP: 5/10
  3819 | D:4      | Reached skill level 6 in Earth Magic
  3828 | D:4      | Killed from afar by an orc wizard

Illustrated notes

Levels and vault maps discovered:
D:1:      dpeg_arrival_lava_temple_mockup, layout_basic,
          chequers_serial_rivers_micro_d
D:2:      layout_basic, ashenzari_altar_1, general_overflow_altar,
          minmay_misc_feat_x, serial_park_tiny_1, minmay_misc_feat_rugged
D:3:      layout_loops_ring
D:4:      layout_basic, grunt_temple_overflow_champion_of_chaos,
          kennysheep_mini, minmay_temple_entry_trees
Temple:   compressed_dpeg_triangle_lava_temple

Skill      XL: |  1  2  3  4  5  6 |
---------------+-------------------+-----
Earth Magic    | 4 5 6 |  6.0
Dodging        | 2 |  2.8
Conjurations   | 1 2 |  2.4
Spellcasting   | 3 |  3.2
Stealth        | |  2.1
Transmutations | |  0.7

Action                   |  1- 3 |  4- 6 || total
-------------------------+-------+-------++-------
Melee: Dagger            |    10 |       ||    10
       Flail             |    65 |   116 ||   181
 Cast: Sandblast         |    22 |    25 ||    47
       Stone Arrow       |       |     5 ||     5
  Use: Scroll            |       |     3 ||     3
 Stab: Sleeping          |     5 |     1 ||     6
Armor: Robe              |    33 |    46 ||    79
Dodge: Dodged            |    83 |   108 ||   191
